 Dungeon Crawl Stone Soup version 0.31-a0-246-g8cbcc1cb85 (webtiles) character file.

Game seed: 3621030508169007561

95 qw the Shooter (level 4, -1/26 HPs)
             Began as a Gargoyle Hexslinger on July 12, 2023.
             Slain by Sigmund
             ... wielding a +2 scythe of protection
              (10 damage)
             ... on level 2 of the Dungeon.
             The game lasted 00:00:34 (1089 turns).

qw the Shooter (Gargoyle Hexslinger)                Turns: 1089, Time: 00:00:34

Health: -1/26      AC:  6    Str: 11    XL:     4   Next: 65%
Magic:  5/5        EV: 12    Int: 14    God:
Gold:   52         SH:  0    Dex: 14    Spells: 4/5 levels left

rFire   . . .        a - +1 sling
rCold   . . .        (no shield)
rNeg    + . .        c - +0 robe
rPois   inf          (no helmet)
rElec   +            (no cloak)
rCorr   .            (no gloves)
SInv    .            b - +0 pair of boots
Will    .....        (no amulet)
Stlth   +            (no ring)
HPRegen 0.24/turn    (no ring)
MPRegen 0.09/turn

%: no passive effects
@: no status effects
A: sickness immunity, AC +3, negative energy resistance 1, electricity
resistance, torment resistance 1, petrification resistance
a: no special abilities


You were on level 2 of the Dungeon.
You visited 1 branch of the dungeon, and saw 2 of its levels.

You collected 72 gold pieces.
You spent 20 gold pieces at shops.


Innate Abilities, Weirdness & Mutations

You are immune to sickness and miasma.
Your stone body is resilient. (AC +3)
You are immune to poison.
You resist negative energy. (rN+)
You are resistant to electric shocks. (rElec)
You are resistant to unholy torment.
You are immune to petrification.


   Skills:
 - Level 2.0 Fighting
 + Level 4.4 Ranged Weapons
 - Level 1.5 Dodging
 - Level 1.0 Spellcasting
 - Level 2.6 Hexes


You had 4 spell levels left.
You knew the following spells:

 Your Spells              Type           Power      Damage    Failure   Level
a - Slow                  Hex            32%        N/A       9%          1

Your spell library contained the following spells:

 Spells                   Type           Power      Damage    Failure   Level
 Inner Flame              Hex/Fire       4%         N/A       41%         3
 Portal Projectile        Hex/Tloc       8%         N/A       41%         3
 Cause Fear               Hex            4%         N/A       65%         4

Inventory:

Hand Weapons
 a - a +1 sling (weapon)
Armour
 b - a +0 pair of boots (worn)
 c - a +0 robe (worn)
 k - a +2 robe of resistance
Jewellery
 l - a +4 ring of protection
Scrolls
 f - 2 scrolls of identify
 m - a scroll of fear {unknown}
 n - a scroll of torment {unknown}
Potions
 d - a potion of mutation
 e - a potion of haste {unknown}
 g - a potion of magic {unknown}
 h - 3 potions of curing {unknown}
 j - a potion of enlightenment {unknown}

Dungeon Overview and Level Annotations

Branches:
Dungeon (2/15)

Altars:

Shops:
D:1 (=?

Annotations:
D:2 Sigmund


Message History

Enter note:
Enter note:
Enter note:
Enter note:
1068 ||| DROPPING +1 robe of Vanity {rPois rF+ Str+2 Dex-5}.
You drop the +1 robe of Vanity {rPois rF+ Str+2 Dex-5}.
Sigmund gestures at you while chanting. You resist with some effort.
Enter note:
Enter note:
Enter note:
Enter note:
Enter note:
Enter note:
Enter note:
Enter note:
Enter note:
Enter note: Sigmund giggles. "Time to reap what you sow."
Sigmund points at you and mumbles some strange words.
You are confused.
Sigmund barely misses you. Sigmund barely misses you.
You feel less confused. Sigmund closely misses you.
Sigmund gestures at you while chanting.
You are confused.
Sigmund gestures at you while chanting. The magic dart hits you.
Sigmund gestures at you while chanting.
You are more confused.
Sigmund casts a spell at you. You resist with some effort.
Sigmund casts a spell at you. You resist with some effort.
Sigmund hits you from afar with a +2 scythe of protection.
Sigmund hits you from afar with a +2 scythe of protection.
You feel less confused.
Sigmund hits you from afar with a +2 scythe of protection!
You die...

##### ....## .....## ......#
......########## #######
...............# .....".
...............# .......
...............########(......
................@.@...#.......
........#############.[.......
..%.<...## ##### ###.......
...:.....####...## .......
.....)...).......#### .......
.................... .......
....#.............### ###.#..
.....%...#........... .. .
#.###.##..#%.....# .#


You could see Sigmund.

Vanquished Creatures
  Jessica (D:2)
  2 adders (D:2)
  3 dart slugs (D:1)
  2 ball pythons (D:1)
  2 bats (D:1)
  7 endoplasms (D:1)
  5 goblins
  4 hobgoblins
  3 jackals (D:2)
  4 kobolds
  3 quokkas
  2 frilled lizards (D:1)
  3 rats
41 creatures vanquished.

Notes
Turn   | Place    | Note
-------+----------+-------------------------------------------
     0 | D:1      | qw the Gargoyle Hexslinger began the quest for the Orb.
     0 | D:1      | Reached XP level 1. HP: 12/12 MP: 2/2
     0 | D:1      | 0 ||| qw: Version: 0.3-a-52-g30416fa
     0 | D:1      | 0 ||| qw: Game counter: 6500
     0 | D:1      | 0 ||| qw: Melee chars always use a shield: true
     0 | D:1      | 0 ||| qw: God list: Okawaru
     0 | D:1      | 0 ||| qw: Allow faded altars: false
     0 | D:1      | 0 ||| qw: Do Orc after clearing Dungeon:15 true
     0 | D:1      | 0 ||| qw: Do second Lair branch before Depths: true
     0 | D:1      | 0 ||| qw: Lair rune preference: random
     0 | D:1      | 0 ||| qw: Goals: Normal
     0 | D:1      | 0 ||| PLANNING D:1-11
    56 | D:1      | 56 ||| FLEEEEING.
    57 | D:1      | 57 ||| FLEEEEING.
    58 | D:1      | 58 ||| FLEEEEING.
    59 | D:1      | 59 ||| FLEEEEING.
    60 | D:1      | 60 ||| FLEEEEING.
    61 | D:1      | 61 ||| FLEEEEING.
    91 | D:1      | Reached XP level 2. HP: 16/16 MP: 3/3
   117 | D:1      | Found a faded altar of an unknown god.
   169 | D:1      | Reached skill level 3 in Ranged Weapons
   279 | D:1      | Reached XP level 3. HP: 21/21 MP: 4/4
   365 | D:1      | Found Sotumia's Antique Weapon Emporium.
   396 | D:1      | 396 ||| DROPPING scroll of poison.
   437 | D:1      | Found Punoejar's Jewellery Shop.
   443 | D:1      | 443 ||| SHOPLISTING +5 ring of evasion (468 gold, have 20).
   443 | D:1      | 443 ||| SHOPLISTING ring of fire (325 gold, have 20).
   443 | D:1      | 443 ||| SHOPLISTING ring of protection from fire (325 gold,
                  | have 20).
   443 | D:1      | 443 ||| SHOPLISTING ring of willpower (325 gold, have 20).
   790 | D:1      | Found Fitiot's Magic Scroll Shop.
   796 | D:1      | 796 ||| SHOPLISTING scroll of enchant armour (75 gold, have
                  | 34).
   796 | D:1      | 796 ||| BUYING scroll of identify (20 gold).
   796 | D:1      | Bought a scroll of identify for 20 gold pieces
   796 | D:1      | 796 ||| SHOPLISTING scroll of identify (20 gold, have 14).
   844 | D:1      | 844 ||| UPGRADING to +0 pair of boots.
   849 | D:1      | 849 ||| READING 2 scrolls of identify.
   849 | D:1      | 849 ||| IDENTIFYING fizzy silvery potion
   910 | D:2      | Identified the +1 robe of Vanity {rPois rF+ Str+2 Dex-5}
   963 | D:2      | Reached XP level 4. HP: 26/26 MP: 5/5
   965 | D:2      | Noticed Jessica
   976 | D:2      | Killed Jessica
   977 | D:2      | Reached skill level 4 in Ranged Weapons
  1061 | D:2      | Noticed Sigmund
  1068 | D:2      | 1068 ||| DROPPING +1 robe of Vanity {rPois rF+ Str+2
                  | Dex-5}.
  1089 | D:2      | Slain by Sigmund

Levels and vault maps discovered:
D:1:      dpeg_arrival_pond, layout_loops_corners, serial_shops,
          nicolae_shop_temple_entry_statues_fountains,
          nicolae_shop_pleasant_corner_grove, shop,
          chequers_ecumenical_altar_simple_redux
D:2:      layout_rooms, chequers_hall_statues_corner_a, uniq_jessica,
          uniq_crazy_yiuf_cottage, uniq_sigmund

Skill      XL: |  1  2  3  4 |
---------------+-------------+-----
Ranged Weapons | 3 4 |  4.4
Fighting       | 2 |  2.0
Dodging        | |  1.5
Spellcasting   | |  1.0
Hexes          | |  2.6

Action                     |  1- 3 |  4- 6 || total
---------------------------+-------+-------++-------
   Fire: Sling             |   103 |    20 ||   123
    Use: Scroll            |     1 |       ||     1
 Armour: Robe              |    12 |       ||    12
  Dodge: Dodged            |    17 |     7 ||    24

Table legend:
 A = Non-vault XP
 B = Vault XP
 C = Vault XP percentage of total XP
 D = Non-vault monster count
 E = Vault monster count
 F = Vault count percentage of total count
                 A         B        C        D         E       F
            +---------+---------+-------+---------+---------+-------
      Total |      99 |      37 |  27.2 |      40 |       1 |   2.4
            +---------+---------+-------+---------+---------+-------
        D:1 |      56 |       0 |   0.0 |      28 |       0 |   0.0
        D:2 |      43 |      37 |  46.2 |      12 |       1 |   7.7
            +---------+---------+-------+---------+---------+-------
